 Dungeon Crawl Stone Soup version 0.21.0-26-g889b8f6 (webtiles) character file.

6961 Moloch the Arsonist (level 11, -1/91 HPs)
             Began as an Octopode Wizard on Jan 27, 2018.
             Was an Elder of Vehumet.
             Succumbed to a black mamba's poison
             ... on level 1 of the Lair of Beasts.
             The game lasted 00:47:31 (13210 turns).

Moloch the Arsonist (Octopode Wizard)              Turns: 13210, Time: 00:47:31

Health: -1/91      AC: 25    Str: 12    XL:     11   Next: 7%
Magic:  8/23       EV:  2    Int: 23    God:    Vehumet [****..]
Gold:   536        SH:  0    Dex: 11    Spells: 1/26 levels left

rFire    . . .     SeeInvis .   d - +1 hunting sling
rCold    . . .     Gourm    .   (no shield)
rNeg     + + +     Faith    .   (helmet currently unavailable)
rPois    +         Spirit   .   (no amulet)
rElec    .         Reflect  .   (no ring)
rCorr    .         Harm     .   (no ring)
MR       .....     NoTele   +   (no ring)
Stlth    ++........             (no ring)
HPRegen  0.25/turn              (no ring)
MPRegen  0.18/turn              (no ring)
                                (no ring)
                                (no ring)

@: mighty, lethally poisoned (-1 -> -29), tree-form
A: almost no armour, stealthy swim, (amphibious), 8 rings, (constrict 8)
a: Renounce Religion


You were on level 1 of the Lair of Beasts.
You worshipped Vehumet.
Vehumet was greatly pleased with you.
You were not hungry.
You were a tree.
You visited 3 branches of the dungeon, and saw 12 of its levels.

You collected 536 gold pieces.

Inventory:

Hand Weapons
 d - a +1 hunting sling (weapon)
 i - a +1 dagger of venom
 w - a cursed +0 halberd
 F - a +0 whip of electrocution
Missiles
 h - 492 stones (quivered)
 y - 39 sling bullets
 B - a throwing net
Armour
 a - a +0 hat (melded)
 I - a +2 shield
Wands
 q - a wand of polymorph (20)
 C - a wand of acid (13)
Scrolls
 e - 4 scrolls of enchant weapon
 f - 7 scrolls of teleportation
 j - 2 scrolls of remove curse
 k - a scroll of blinking {unknown}
 m - 3 scrolls of amnesia {unknown}
 n - 2 scrolls of immolation {unknown}
 u - a scroll of fog {unknown}
 x - a scroll of magic mapping {unknown}
 D - 4 scrolls of identify
 E - 2 scrolls of fear {unknown}
Potions
 g - 5 potions of agility
 l - a potion of lignification
 o - 2 potions of brilliance
 r - a potion of flight
 t - 9 potions of degeneration
 A - 3 potions of haste
Books
 b - a book of Minor Magic

   Spells                             Type                      Level
   a - Magic Dart                     Conjuration                  1
   b - Blink                          Translocation                2
   c - Call Imp                       Summoning                    2
   d - Slow                           Hexes                        2
   e - Conjure Flame                  Conjuration/Fire             3
   f - Mephitic Cloud                 Conjuration/Poison/Air       3
 p - a book of Flames

   Spells                             Type                      Level
   a - Flame Tongue                   Conjuration/Fire             1
   b - Throw Flame                    Conjuration/Fire             2
   c - Conjure Flame                  Conjuration/Fire             3
   d - Inner Flame                    Hexes/Fire                   3
   e - Sticky Flame                   Conjuration/Fire             4
   f - Fireball                       Conjuration/Fire             5
 v - a book of Conjurations

   Spells                             Type                      Level
   a - Magic Dart                     Conjuration                  1
   b - Searing Ray                    Conjuration                  2
   c - Dazzling Spray                 Conjuration/Hexes            3
   d - Fulminant Prism                Conjuration/Hexes            4
   e - Force Lance                    Conjuration/Translocation    4
   f - Iskenderun's Mystic Blast      Conjuration                  4
 G - a book of Air

   Spells                             Type                      Level
   a - Shock                          Conjuration/Air              1
   b - Swiftness                      Charms/Air                   2
   c - Static Discharge               Conjuration/Air              3
   d - Airstrike                      Air                          4
   e - Lightning Bolt                 Conjuration/Air              5
Comestibles
 c - 22 rations
 z - 3 chunks of flesh


   Skills:
 - Level 2.0 Dodging
 - Level 2.6 Stealth
 * Level 8.3 Spellcasting
 * Level 9.6 Conjurations
 - Level 1.0 Summonings
 - Level 1.0 Translocations
 * Level 10.7 Fire Magic


You had one spell level left.
You knew the following spells:

 Your Spells              Type           Power        Failure   Level  Hunger
a - Magic Dart            Conj           ####         1%          1    None
b - Blink                 Tloc           N/A          7%          2    None
c - Call Imp              Summ           ##......     7%          2    None
d - Mephitic Cloud        Conj/Pois/Air  ###.....     1%          3    None
e - Conjure Flame         Conj/Fire      ######..     1%          3    None
f - Force Lance           Conj/Tloc      ####....     2%          4    ##.....
g - Flame Tongue          Conj/Fire      #####        1%          1    None
h - Sticky Flame          Conj/Fire      ######..     1%          4    ##.....
i - Fireball              Conj/Fire      ######....   1%          5    #####..


Dungeon Overview and Level Annotations

Branches:
Dungeon (10/15)            Temple (1/1) D:4            Lair (1/6) D:9
    Orc (0/2) D:10

Altars:
Ashenzari
Cheibriados
Dithmenos
Elyvilon
Fedhas
Gozag
Nemelex Xobeh
Okawaru
Qazlal
Sif Muna
Trog
Vehumet
Xom
Zin

Shops:
D:9 [

Portals:
Ice
Cave: Lair:1

Annotations:
D:4 nikopol's ghost, amateur GrFi


Innate Abilities, Weirdness & Mutations

You cannot wear most types of armour.
You are very stealthy in the water. (Stealth+)
((You are amphibious.))
You can wear up to eight rings at the same time.
((You can use your tentacles to constrict eight enemies at once.))
((Your skin changes colour to match your surroundings (Stealth+).))
((Your rubbery body absorbs attacks. (AC +1, EV +1)))


Message History

You feel better.
The black mamba burns!
The black mamba bites you!
* * * LOW HITPOINT WARNING * * *
You are poisoned.
The black mamba poisons you! The black mamba bites you.
* * * LOW HITPOINT WARNING * * *
You are lethally poisoned!
The black mamba poisons you!
You turn into a tree.
Your +0 hat melds into your body.
Your roots penetrate the ground.
* * * LOW HITPOINT WARNING * * *
You feel very sick.
The black mamba burns!
The black mamba bites you.
* * * LOW HITPOINT WARNING * * *
The black mamba bites you!
* * * LOW HITPOINT WARNING * * *
Unknown command.
Unknown command.
It was a potion of might.
You feel very mighty all of a sudden.
You die...

........................
.........#..............
.......#.#.†...<.......
.....#.∩.#............
##....#.#..#P#P######.
#......#..######
##.........# #.>..S...##
#....♣...# #........#
#........# #........#
#........# #........#
#......... #........P#


You could see a black mamba (burning).

Vanquished Creatures
  2 unseen horrors (D:10)
  Pikel (D:8)
  A black mamba (Lair:1)
  A komodo dragon (D:10)
  Sigmund (D:3)
  Menkaure (D:4)
  A water moccasin (D:6)
  A porcupine (D:9)
  A swamp drake (D:10)
  2 slaves (D:8)
  5 orc warriors
  2 black bears
  4 sky beasts
  2 centaurs
  A boggart (D:7)
  4 ogres
  2 crocodiles (D:9)
  2 big kobolds (D:9)
  A bullfrog (D:3)
  2 scorpions (D:9)
  2 killer bees (D:7)
  6 wights
  4 crimson imps
  5 hounds
  A bullfrog zombie (D:10)
  10 orc priests
  A centaur skeleton (D:9)
  6 jellies
  2 gnoll shamans
  12 orc wizards
  4 bullfrog skeletons
  An iguana (D:5)
  Ijyb (D:4)
  7 worker ants
  A hound zombie (D:7)
  A hound skeleton (D:9)
  A worker ant zombie (D:5)
  8 gnolls
  9 adders
  2 shadow imps
  2 oozes (D:5)
  An adder skeleton (D:5)
  2 worms
  5 dart slugs
  8 leopard geckos
  48 orcs
  3 ball pythons
  8 giant cockroaches
  7 goblins
  8 hobgoblins
  6 jackals
  13 kobolds
  3 quokkas
  12 bats
  2 frilled lizards (D:1)
  A jackal skeleton (D:4)
  A leopard gecko zombie (D:5)
  8 rats
259 creatures vanquished.

Vanquished Creatures (collateral kills)
  An ogre (D:3)
  A killer bee (D:7)
  The ghost of p0werm0de the Digger, a weakling VSEE (D:3)
  A gnoll (D:2)
  A quokka (D:3)
5 creatures vanquished.

Vanquished Creatures (others)
  4 fungi (D:9)
  3 plants (D:10)
7 creatures vanquished.

Grand Total: 271 creatures vanquished

Notes
Turn   | Place    | Note
-------+----------+-------------------------------------------
     0 | D:1      | Moloch the Octopode Wizard began the quest for the Orb.
     0 | D:1      | Reached XP level 1. HP: 11/11 MP: 4/4
   359 | D:1      | Reached XP level 2. HP: 15/17 MP: 0/6
   401 | D:1      | Learned a level 2 spell: Blink
   404 | D:1      | Learned a level 2 spell: Call Imp
   899 | D:1      | Reached XP level 3. HP: 21/21 MP: 2/7
  2025 | D:2      | Reached XP level 4. HP: 16/27 MP: 2/8
  2080 | D:2      | Learned a level 3 spell: Mephitic Cloud
  2229 | D:2      | Found a sparkling altar of Nemelex Xobeh.
  2648 | D:2      | Found a stormy altar of Qazlal.
  3091 | D:3      | Found an iron altar of Okawaru.
  3185 | D:3      | Reached XP level 5. HP: 31/31 MP: 5/10
  3187 | D:3      | Noticed p0werm0de's ghost (weakling VSEE)
  3267 | D:3      | Killed p0werm0de's ghost
  3459 | D:3      | Learned a level 3 spell: Conjure Flame
  3610 | D:3      | Reached XP level 6. HP: 36/36 MP: 8/12
  3681 | D:3      | Reached skill level 5 in Conjurations
  3918 | D:3      | Noticed Sigmund
  3966 | D:4      | Noticed nikopol's ghost (amateur GrFi)
  4065 | D:3      | Killed Sigmund
  4065 | D:3      | Reached XP level 7. HP: 41/41 MP: 4/14
  4347 | D:3      | Reached skill level 5 in Spellcasting
  4553 | D:4      | Noticed Menkaure
  4571 | D:4      | Killed Menkaure
  4885 | D:4      | Noticed Ijyb
  4909 | D:4      | Killed Ijyb
  5311 | D:4      | Found a staircase to the Ecumenical Temple.
  5347 | Temple   | Entered the Ecumenical Temple
  5383 | Temple   | Became a worshipper of Vehumet
  5636 | D:5      | Entered Level 5 of the Dungeon
  5658 | D:5      | Found a shadowy altar of Dithmenos.
  5731 | D:5      | Reached skill level 1 in Fire Magic
  5956 | D:5      | Reached skill level 2 in Fire Magic
  5964 | D:5      | Reached XP level 8. HP: 40/46 MP: 6/16
  6132 | D:5      | Reached skill level 3 in Fire Magic
  6386 | D:5      | Reached skill level 4 in Fire Magic
  6460 | D:5      | Reached * piety under Vehumet
  6460 | D:5      | Offered knowledge of Sandblast by Vehumet.
  6472 | D:5      | Learned a level 4 spell: Force Lance
  7202 | D:6      | Reached skill level 5 in Fire Magic
  7567 | D:6      | Reached skill level 6 in Fire Magic
  7858 | D:6      | Reached skill level 7 in Fire Magic
  7891 | D:6      | Reached XP level 9. HP: 28/51 MP: 1/17
  8632 | D:7      | Reached ** piety under Vehumet
  8632 | D:7      | Reached skill level 8 in Fire Magic
  8799 | D:7      | Offered knowledge of Flame Tongue by Vehumet.
  8956 | D:7      | Learned a level 1 spell: Flame Tongue
  8999 | D:7      | Found an opulent altar of Gozag.
  9805 | D:8      | Noticed Pikel
 10046 | D:8      | Learned a level 4 spell: Sticky Flame
 10199 | D:8      | Killed Pikel
 10199 | D:8      | Reached skill level 9 in Fire Magic
 10508 | D:9      | Found Tuyf's Armour Shoppe.
 10624 | D:9      | Reached XP level 10. HP: 53/56 MP: 6/19
 10636 | D:9      | Offered knowledge of Ignite Poison by Vehumet.
 11295 | D:9      | Reached *** piety under Vehumet
 11479 | D:9      | Found a staircase to the Lair.
 11575 | D:10     | Entered Level 10 of the Dungeon
 11687 | D:10     | Reached skill level 10 in Fire Magic
 11829 | D:10     | Noticed an unseen horror
 11838 | D:10     | Killed an unseen horror
 11838 | D:10     | Offered knowledge of Stone Arrow by Vehumet.
 11962 | D:10     | Found a shattered altar of Ashenzari.
 11966 | D:10     | Saw a vision of the Swamp and the Snake Pit.
 11966 | D:10     | Noticed an alligator
 11966 | D:10     | Noticed an alligator
 11966 | D:10     | Noticed a naga ritualist
 11966 | D:10     | Noticed an alligator
 11967 | D:10     | Noticed an anaconda
 11970 | D:10     | Noticed a naga mage
 12556 | D:10     | Noticed an unseen horror
 12560 | D:10     | Killed an unseen horror
 12708 | D:10     | Reached **** piety under Vehumet
 12881 | D:10     | Offered knowledge of Lee's Rapid Deconstruction by Vehumet.
 12881 | D:10     | Reached XP level 11. HP: 61/61 MP: 15/23
 12962 | D:10     | Found a staircase to the Orcish Mines.
 13177 | Lair:1   | Entered Level 1 of the Lair of Beasts
 13177 | Lair:1   | Found a frozen archway.
 13184 | Lair:1   | Learned a level 5 spell: Fireball
 13209 | Lair:1   | HP: 1/91 [black mamba (11)]
 13210 | Lair:1   | Succumbed to a black mamba's poison

Skill      XL: |  1  2  3  4  5  6  7  8  9 10 |
---------------+-------------------------------+-----
Conjurations   | 2 3 4 5 6 7 9 |  9.6
Spellcasting   | 4 5 6 8 |  8.3
Fire Magic     | 2 7 9 10 | 10.7
Dodging        | |  2.0
Stealth        | |  2.6
Summonings     | |  1.0
Translocations | |  1.0

Action                   |  1- 3 |  4- 6 |  7- 9 | 10-12 || total
-------------------------+-------+-------+-------+-------++-------
Melee: Unarmed           |     5 |       |       |       ||     5
       Mace              |     1 |       |       |       ||     1
       Dagger            |     9 |    11 |    32 |       ||    52
       Constrict         |     3 |     3 |    11 |       ||    17
       Tentacles         |     1 |     2 |     8 |       ||    11
       Hunting sling     |       |       |       |     1 ||     1
 Fire: Hunting sling     |       |       |   151 |    71 ||   222
 Cast: Magic Dart        |   105 |    97 |   233 |       ||   435
       Call Imp          |     3 |    10 |     8 |       ||    21
       Mephitic Cloud    |       |     6 |    38 |    16 ||    60
       Blink             |       |       |     6 |     1 ||     7
       Conjure Flame     |       |       |    31 |    17 ||    48
       Flame Tongue      |       |       |    86 |   167 ||   253
       Sticky Flame      |       |       |     4 |    12 ||    16
Evoke: Wand              |       |       |    22 |     4 ||    26
  Use: Potion            |       |     5 |       |     5 ||    10
       Scroll            |       |       |     7 |       ||     7
 Stab: Confused          |       |     1 |     3 |       ||     4
       Sleeping          |       |       |     1 |       ||     1
  Eat: Chunk             |     3 |     7 |    15 |     9 ||    34
       Ration            |       |       |     2 |       ||     2
Armor: Skin              |     4 |     1 |     3 |     2 ||    10
Dodge: Dodged            |    40 |    36 |    59 |    35 ||   170
